 Dungeon Crawl Stone Soup version 0.21.1-1-g345015fe64 (webtiles) character file.

385 Lorindel the Ogre Mage (level 6, -6/62 HPs)
             Began as an Ogre Skald on May 3, 2018.
             Mangled by an orc priest
             ... wielding a +0 trident
              (9 damage)
             ... on level 4 of the Dungeon.
             The game lasted 00:16:49 (3452 turns).

Lorindel the Ogre Mage (Ogre Skald)                 Turns: 3452, Time: 00:16:50

Health: -6/62      AC:  3    Str: 21    XL:     6   Next: 77%
Magic:  3/12       EV: 14    Int: 16    God:
Gold:   148        SH:  0    Dex:  8    Spells: 2/13 levels left

rFire    . . .     SeeInvis .   a - +0 spear
rCold    . . .     Gourm    .   (no shield)
rNeg     . . .     Faith    .   b - +0 robe
rPois    .         Spirit   .   (helmet restricted)
rElec    .         Reflect  .   (no cloak)
rCorr    .         Harm     .   (gloves unavailable)
MR       .....                  (boots unavailable)
Stlth    +.........             (no amulet)
HPRegen  0.20/turn              t - +5 ring of strength
MPRegen  0.13/turn              l - +4 ring of evasion

@: infused
A: large, unfitting armour, tough skin 1
a: no special abilities


You were on level 4 of the Dungeon.
You were hungry.

You visited 1 branch of the dungeon, and saw 4 of its levels.

You collected 148 gold pieces.

Inventory:

Hand Weapons
 a - a +0 spear (weapon)
 e - a +0 mace of crushing
Armour
 b - a +0 robe (worn)
Jewellery
 k - an uncursed ring of flight
 l - a +4 ring of evasion (right hand)
 n - an uncursed ring of fire
 t - a +5 ring of strength (left hand)
Wands
 u - a wand of scattershot (4)
 v - a wand of iceblast (3)
Scrolls
 f - a scroll of identify
 h - 2 scrolls of teleportation
 i - 2 scrolls of blinking
 p - 2 scrolls of remove curse
Potions
 m - a potion of flight
Books
 c - a book of Battle

   Spells                             Type                      Level
   a - Infusion                       Charms                       1
   b - Shroud of Golubria             Charms/Translocation         2
   c - Song of Slaying                Charms                       2
   d - Spectral Weapon                Hexes/Charms                 3
   e - Regeneration                   Charms/Necromancy            3
Comestibles
 d - 2 rations
 g - 4 chunks of flesh


   Skills:
 + Level 3.9 Fighting
 + Level 2.9 Polearms
 + Level 1.4 Armour
 + Level 2.8 Dodging
 * Level 4.3 Spellcasting
 + Level 1.0 Hexes
 + Level 3.2 Charms
 + Level 1.1 Necromancy
 + Level 1.5 Translocations


You had 2 spell levels left.
You knew the following spells:

 Your Spells              Type           Power        Failure   Level  Hunger
a - Infusion              Chrm           ##..         4%          1    None
b - Song of Slaying       Chrm           ##......     6%          2    ##.....
c - Shroud of Golubria    Chrm/Tloc      ##........   9%          2    ##.....
d - Regeneration          Chrm/Necr      ##........   21%         3    ###....
e - Spectral Weapon       Hex/Chrm       ##......     21%         3    ###....


Dungeon Overview and Level Annotations

Branches:
Dungeon (4/15)
 Temple: D:4-7

Altars:
Makhleb
Nemelex Xobeh
Uskayaw
Zin


Innate Abilities, Weirdness & Mutations

You are too large for most types of armour.
You have tough skin. (AC +1)


Message History

* * * LOW HITPOINT WARNING * * *
You feel better.
The orc priest mumbles some strange prayers to Beogh against you.
Pain shoots through your body!
* * * LOW HITPOINT WARNING * * *
You hit the orc priest but do no damage.
The orc priest is heavily wounded.
The orc priest misses you.
You closely miss the orc priest.
The orc priest is heavily wounded.
The orc priest closely misses you.
You hit the orc priest.
The orc priest is heavily wounded.
The orc priest invokes the aid of Beogh against you.
Beogh smites you!
* * * LOW HITPOINT WARNING * * *
You hit the orc priest.
The orc priest is severely wounded.
The orc priest hits you with a trident!
You die...

*,* #,*#.#.# *,*
*,*#.#.# *,* *,*#.#.#
*,***,*#.#.#
*,,,*,*#.#.# ****
*,*,*,*#)#.# ,,,*
***,*,*#.#.# ,,,*
*,*,*#.#.# ,,,*****
*,*,*#@#.# ,,,,,,,*
*,*,*#o#.#
,,,,,,,****,*,*#.#.#
,,,,,,,+,,,,,>,..#.#
,,,,,,,****,*,*###.#
,,,,,,,* *,*,* #.#
****+*** *,*,***#.# *
*,* ###,*,,,,#.#######
*
*,*###8###**,∩#.......#


You could see an orc priest.

Vanquished Creatures
  The ghost of Freyura the Skirmisher, an amateur DsAK of Lugonu (D:3)
  A scorpion (D:4)
  A howler monkey (D:4)
  2 worker ants
  A hound skeleton (D:4)
  9 adders
  An ooze (D:2)
  4 worms
  2 dart slugs
  3 leopard geckos
  2 orcs
  7 bats
  3 giant cockroaches
  5 goblins
  5 hobgoblins
  8 jackals
  2 ball pythons
  2 frilled lizards
  4 kobolds
  2 rats
65 creatures vanquished.

Notes
Turn   | Place    | Note
-------+----------+-------------------------------------------
     0 | D:1      | Lorindel the Ogre Skald began the quest for the Orb.
     0 | D:1      | Reached XP level 1. HP: 22/22 MP: 3/3
   308 | D:1      | Reached XP level 2. HP: 25/29 MP: 3/5
   345 | D:1      | Learned a level 2 spell: Song of Slaying
   348 | D:1      | Learned a level 2 spell: Shroud of Golubria
   867 | D:2      | Reached skill level 3 in Spellcasting
   867 | D:2      | Reached XP level 3. HP: 24/36 MP: 0/7
  1373 | D:2      | Reached XP level 4. HP: 23/45 MP: 0/8
  1378 | D:2      | Learned a level 3 spell: Regeneration
  1997 | D:2      | Found a burning altar of Makhleb.
  2139 | D:2      | Reached skill level 1 in Armour
  2363 | D:3      | Reached XP level 5. HP: 47/53 MP: 5/10
  2371 | D:3      | Learned a level 3 spell: Spectral Weapon
  2406 | D:3      | Reached skill level 1 in Translocations
  2566 | D:3      | Noticed Freyura's ghost (amateur DsAK)
  2599 | D:3      | Killed Freyura's ghost
  2599 | D:3      | Reached skill level 4 in Spellcasting
  2599 | D:3      | Reached XP level 6. HP: 12/62 MP: 1/12
  3260 | D:4      | Found a sparkling altar of Nemelex Xobeh.
  3286 | D:4      | Found a hide-covered altar of Uskayaw.
  3286 | D:4      | Found a glowing silver altar of Zin.
  3387 | D:4      | Reached skill level 1 in Necromancy
  3404 | D:4      | Reached skill level 1 in Hexes
  3451 | D:4      | HP: 2/62 [orc priest/divine providence (10)]
  3452 | D:4      | Mangled by an orc priest

Skill      XL: |  1  2  3  4  5  6 |
---------------+-------------------+-----
Spellcasting   | 3 4 |  4.3
Fighting       | 3 |  3.9
Charms         | 3 |  3.2
Armour         | 1 |  1.4
Translocations | 1 |  1.5
Necromancy     | 1 |  1.1
Hexes          | 1 |  1.0
Polearms       | |  2.9
Dodging        | |  2.8

Action                   |  1- 3 |  4- 6 || total
-------------------------+-------+-------++-------
Melee: Spear             |    96 |   239 ||   335
 Cast: Infusion          |     9 |    15 ||    24
       Shroud of Golubri |     3 |    11 ||    14
       Song of Slaying   |       |     1 ||     1
       Spectral Weapon   |       |     3 ||     3
       Regeneration      |       |     4 ||     4
  Use: Potion            |       |     3 ||     3
       Scroll            |       |     9 ||     9
 Stab: Distracted        |     1 |     1 ||     2
       Sleeping          |     2 |     1 ||     3
  Eat: Chunk             |     2 |     7 ||     9
Armor: Robe              |    19 |    31 ||    50
Dodge: Dodged            |    50 |   134 ||   184
